[Event "*** Titled Tuesday 3|2 Blitz"]
[Site "Chess.com"]
[Date "2017.06.06"]
[Round "1"]
[White "belisarius64"]
[Black "jncool68"]
[Result "1/2-1/2"]
[WhiteElo "2228"]
[BlackElo "2506"]
[TimeControl "180+2"]
[EndTime "13:59:51 PDT"]
[Termination "Game drawn by repetition"]

1. e4 c5 2. Nf3 d6 3. Bb5+ Nc6 4.
O-O Bd7 5. Re1 a6 6. Bf1 g6 7. c3 Bg7 8. d4 cxd4 9. cxd4 Bg4 10. Be3 Bxf3 11. gxf3 Nf6 12. Nc3 O-O 13. d5 Ne5 14. Bd4 Nh5 15. Bg2 e6 16. Qd2 Qh4 17.
Ne2 exd5 18. exd5 Rfe8 19. Bxe5 Bxe5 20. Ng3 Nf4 21. Re4 Qg5 22. Qb4 h5 23. h4 Qxh4 24. Qxb7 Qg5 25. Rae1 h4 26. Rxf4 Qxf4 27. Nf1 Qg5 28.
Kh1 Rab8 29. Qd7 Re7 30. Qa4 Rxb2 31. f4 Qg4 32. Nh2 Qf5 33. fxe5 Qxf2 34. Rg1 Rxe5 35. Ng4 Qg3 36. Nxe5 Qxe5 37. Qxh4 Rxa2 38. Rb1 Kg7 39.
Rd1 f6 40. Re1 Re2 41. Rxe2 Qxe2 42. Qb4 Qe5 43. Qb7+ Kh6 44. Qxa6 g5 45. Qc8 Qe1+ 46. Kh2 Qe5+ 47. Kg1 f5 48. Qf8+ Kh5 49. Qf7+ Kg4 50. Qh7 Qe3+ 51. Kh2 Qg3+ 52. Kg1 Qe1+ 53. Kh2 Qg3+ 54.
Kg1 Kf4 55. Qg7 Qe1+ 56. Kh2 Qe5 57. Qh6 Ke3+ 58. Kg1 Qf4 59. Qe6+ Kd2 60. Qc8 g4 61. Qa6 Qe3+ 62. Kh2 Qf4+ 63. Kg1 g3 64. Qa2+ Kc3 65. Qa3+ Kc2 66. Qa2+ Kc1 67. Qa1+ Kd2 68. Qb2+ Kd1 69. Qb1+ Kd2 70. Qb2+ Kd1 71. Qb1+ Kd2 72. Qb2+ 1/2-1/2

[Event "*** Titled Tuesday 3|2 Blitz"]
[Site "Chess.com"]
[Date "2017.06.06"]
[Round "1"]
[White "GGuseinov"]
[Black "djano"]
[Result "1/2-1/2"]
[WhiteElo "2707"]
[BlackElo "2365"]
[TimeControl "180+2"]
[EndTime "14:00:07 PDT"]
[Termination "Game drawn - insufficient material"]

1. e4 c5 2. Nf3 Nc6 3. Nc3 g6 4. d4 cxd4 5. Nxd4 Bg7 6. Be3 Nf6 7.
Bc4 Qa5 8. O-O O-O 9. Bb3 d6 10.
h3 Bd7 11. Nf3 Rac8 12. Re1 a6 13. Qe2 Qh5 14. Rad1 Be6 15. Bxe6 fxe6 16. Ng5 Qxe2 17. Rxe2 Nd8 18. Bb6 e5 19. Nd5 Nc6 20. c3 Nd7 21.
Be3 Bf6 22. Nf3 Kf7 23. g4 Rfd8 24. Kg2 Nf8 25. h4 Ne6 26. Rh1 Nc7 27. h5 Rh8 28. g5 Bg7 29. h6 Bf8 30. Nh4 Ne6 31. Rf1 Na5 32. f4 exf4 33. Nxf4 Nxf4+ 34. Rxf4+ Ke8 35. Ref2 Nc4 36. Bc1 Ne5 37. Rf1 Nd3 38. R4f3 Ne5 39. Rh3 e6 40. Bf4 Be7 41. Bxe5 dxe5 42. Nf3 Rd8 43.
Rg3 Rf8 44. Rf2 Rf4 45. Nxe5 Rxe4 46. Nxg6 hxg6 47. h7 Rh4 48. Re3 Rxh7 49. Rxe6 Rd6 50. Rxd6 Bxd6 51. Rf6 Ke7 52. Kf3 Rh2 53. Rxg6 Rxb2 54.
Ke4 Re2+ 55. Kd3 Rxa2 56. Rg7+ Ke6 57. Rxb7 Be5 58. g6 Rg2 59. Rb6+ Kf5 60. Rxa6 Rg3+ 61.
Ke2 Rxc3 62. Kd2 Rg3 63. Ke2 Bf6 64. Ra5+ Ke4 65. Ra4+ Bd4 66. Ra6 Rg2+ 67. Kf1 Rg1+ 68. Ke2 Rg3 69. Re6+ Kf5 70. Rd6 Ke5 71. Ra6 Ke4 72.
Re6+ Be5 73. Kf2 Rg5 74. Ra6 Bd4+ 75. Ke2 Rg3 76. Re6+ Kf5 77. Ra6 Rxg6 78. Rxg6 Kxg6 1/2-1/2

[Event "*** Titled Tuesday 3|2 Blitz"]
[Site "Chess.com"]
[Date "2017.06.06"]
[Round "1"]
[White "Oneofmyturns"]
[Black "ANLex1963"]
[Result "1/2-1/2"]
[WhiteElo "2499"]
[BlackElo "2217"]
[TimeControl "180+2"]
[EndTime "14:00:09 PDT"]
[Termination "Game drawn by repetition"]

1. d4 Nf6 2. c4 c5 3. d5 e5 4. Nc3 d6 5. e4 Be7 6. h3 O-O 7. Be3 Ne8 8. g4 Nd7 9. Nf3 g6 10. h4 Ndf6 11. g5 Nh5 12. Qd2 Neg7 13.
Be2 a6 14. Nh2 f5 15. gxf6 Bxf6 16. Nf3 Nf4 17. Ng5 Rb8 18. O-O-O Bd7 19. Rdg1 b5 20. b3 bxc4 21. Bxc4 a5 22. a4 Ngh5 23. Kc2 Rb4 24. Nb5 Qb6 25. f3 Rb8 26. Ne6 Bxb5 27. Bxb5 Rxb5 28.
axb5 Qxb5 29. Rb1 a4 30. Nxf4 axb3+ 31. Kd1 exf4 32. Bf2 c4 33. Bd4 Bd8 34. Rg1 Ba5 35. Bc3 Qc5 36. Rg2 Bxc3 37. Qxc3 Ng3 38. Rc1 Rb4 39. Ra1 Rb8 40. Kc1 b2+ 41. Rxb2 Qg1+ 42.
Kc2 Qf2+ 43. Kb1 Qf1+ 44. Qc1 Qd3+ 45. Qc2 Qf1+ 46. Qc1 Qd3+ 47. Qc2 Qf1+ 48. Qc1 Qd3+ 49. Qc2 Qf1+ 50. Qc1 Qd3+ 51. Qc2 Qf1+ 52. Qc1 1/2-1/2

[Event "*** Titled Tuesday 3|2 Blitz"]
[Site "Chess.com"]
[Date "2017.06.06"]
[Round "1"]
[White "stefanodinn"]
[Black "gmcorrales"]
[Result "0-1"]
[WhiteElo "2276"]
[BlackElo "2544"]
[TimeControl "180+2"]
[EndTime "14:00:11 PDT"]
[Termination "gmcorrales won by checkmate"]

1. e4 c5 2. Nf3 d6 3. d4 cxd4 4.
Nxd4 Nf6 5. Nc3 a6 6. f3 e6 7.
Be3 b5 8. Qd2 Nbd7 9. g4 Nb6 10. g5 Nfd7 11. O-O-O b4 12. Nb1 d5 13. Nc6 Qc7 14. Nxb4 a5 15. Bxb6 Qxb6 16. Nd3 dxe4 17.
fxe4 Be7 18. Nc3 O-O 19. h4 Bb7 20. Bg2 Nc5 21. Nxc5 Qxc5 22. Kb1 Rad8 23. Qe2 Bd6 24. Qb5 Bc6 25. Qxc5 Bxc5 26. Rxd8 Rxd8 27. Rd1 Rb8 28. b3 Kf8 29. h5 g6 30. hxg6 hxg6 31. Rd3 Ke7 32.
Bf3 Rh8 33. Kb2 Rh2 34. e5 Bxf3 35. Rxf3 Bd4 36. a3 Bxe5 37. b4 axb4 38. axb4 Rg2 39. Kb3 Rxg5 40. Ne4 Rg4 41. Nc5 f5 42. b5 Bd6 43.
Nd3 e5 44. Rf1 e4 45. Nb2 f4 46. Nc4 e3 47. b6 e2 48. Re1 f3 49. Nd2 Rg3 50.
Kc4 Kd7 51. Nxf3 Rxf3 52. Rxe2 Kc6 53. Re6 g5 54. b7 Rf8 55. Rg6 Rb8 56. Rxg5 Rxb7 57.
Rg6 Rb4+ 58. Kd3 Rh4 59. Rf6 Kd5 60. Rf5+ Be5 61. Rf3 Rc4 62. Rf5 Rc3+ 63. Kd2 Rh3 64. Rf2 Bc3+ 65. Ke2 Ke4 66. Rg2 Be5 67. Rg4+ Bf4 68.
Rg2 Rc3 69. Kd1 Ra3 70. Ke2 Ra2 71. Kd1 Kf3 72. Rg8 Ra1# 0-1

[Event "*** Titled Tuesday 3|2 Blitz"]
[Site "Chess.com"]
[Date "2017.06.06"]
[Round "1"]
[White "maciek_92"]
[Black "Ilja_Semjonovs"]
[Result "1-0"]
[WhiteElo "2519"]
[BlackElo "2223"]
[TimeControl "180+2"]
[EndTime "14:00:13 PDT"]
[Termination "maciek_92 won by resignation"]

1. c4 e5 2. Nc3 Nf6 3. g3 d5 4. cxd5 Nxd5 5. Bg2 Nb6 6. e3 Nc6 7.
Nge2 Bg4 8. O-O Be7 9. b3 O-O 10. Bb2 f5 11. Rc1 Bf6 12. a3 Kh8 13. Qc2 Rb8 14. d3 Ne7 15. d4 exd4 16. Nxd4 Bxd4 17. exd4 Ned5 18. Rfe1 c6 19. h3 Bh5 20. Re5 Bg6 21. f4 h5 22. Rce1 Qf6 23. Nxd5 Nxd5 24. Bxd5 cxd5 25.
Rxd5 h4 26. Qf2 Bf7 27. Rde5 Qg6 28. g4 Bxb3 29. d5 Rbe8 30. Qxh4+ Kg8 31. Re7 Rxe7 32. Rxe7 Rf7 33. Re8+ Rf8 34. Rxf8+ Kxf8 35. Qd8+ Kf7 36. Qd7+ Kg8 37. d6 fxg4 38. Qxg7+ Qxg7 39. Bxg7 Be6 40. Bd4 gxh3 41. Bxa7 Kf7 42. Bd4 Kg6 43.
Kh2 Kh5 44. Kg3 Kg6 45. Bg1 Kf5 46. Kf3 Bd5+ 47. Kg3 Be6 48. Bh2 Ke4 49. Kh4 Kd5 50. Kg5 Ke4 51. Kf6 Bg4 52. Ke7 Kf3 53. d7 Bxd7 54.
Kxd7 Kg2 55. f5 Kxh2 56. f6 Kg2 57. f7 h2 58. f8=Q h1=Q 59. Qg7+ Kf2 60. Qb2+ Kg3 61. Qc3+ Kf4 62. Kc7 Qd5 63. a4 b5 64. Qf6+ Ke3 65. Qb6+ Kf4 66. axb5 Kg4 67. Qc6 Qe5+ 68. Kc8 Qh8+ 69.
Kb7 Qh7+ 70. Kb8 Qh8+ 71. Qc8+ Qxc8+ 72. Kxc8 1-0

[Event "*** Titled Tuesday 3|2 Blitz"]
[Site "Chess.com"]
[Date "2017.06.06"]
[Round "1"]
[White "ViIIagra"]
[Black "dolynachess"]
[Result "0-1"]
[WhiteElo "2596"]
[BlackElo "2329"]
[TimeControl "180+2"]
[EndTime "14:00:24 PDT"]
[Termination "dolynachess won by resignation"]

1. e4 e6 2. d4 d5 3. Nc3 Bb4 4.
e5 Qd7 5. Ne2 b6 6. a3 Bxc3+ 7.
Nxc3 Ba6 8. Qg4 f5 9. Qh5+ Qf7 10. Qxf7+ Kxf7 11. Nb5 Bxb5 12. Bxb5 c6 13. Bd3 Ne7 14. c3 c5 15. Be3 c4 16. Bc2 Nbc6 17. h3 b5 18. g4 a5 19. Ke2 b4 20. a4 b3 21.
Bd1 h6 22. f4 Rag8 23. Kf2 g5 24.
gxf5 Nxf5 25. Bh5+ Kf8 26. Rhg1 Nxe3 27. Kxe3 gxf4+ 28. Kxf4 Rxg1 29. Rxg1 Rg8 30. Rf1 Ke7 31. Ke3 Nd8 32.
Bg4 Rf8 33. Rb1 Nf7 34. Rf1 Nd8 35. Rg1 Rg8 36. Kf2 Rf8+ 37. Kg3 Nc6 38. Rg2 Rf1 39. Kh4 Rc1 40. Bh5 Rc2 41. Rg7+ Kd8 42. Bg4 Rxb2 43.
Bxe6 Ne7 44. Rg1 Rc2 45. Kh5 Rxc3 46. Kxh6 b2 47. Rb1 Rb3 48. Bg4 Nc6 49. Bd1 Rxh3+ 50.
Kg5 Rh2 51. Kf6 Nxd4 52. e6 c3 53. e7+ Ke8 54. Bg4 Rf2+ 55. Ke5 Nc6+ 56. Kd6 Nxe7 57.
Bh5+ Kd8 58. Re1 Rf6+ 59. Ke5 Rh6 60. Kd4 c2 0-1

[Event "*** Titled Tuesday 3|2 Blitz"]
[Site "Chess.com"]
[Date "2017.06.06"]
[Round "1"]
[White "ChessQueen"]
[Black "Ind1anStar"]
[Result "1/2-1/2"]
[WhiteElo "2520"]
[BlackElo "2271"]
[TimeControl "180+2"]
[EndTime "14:00:31 PDT"]
[Termination "Game drawn - insufficient material"]

1. e4 e5 2. Nf3 Nf6 3. Nxe5 d6 4.
Nf3 Nxe4 5. d4 d5 6. Bd3 Be7 7. O-O Nc6 8. c4 Nb4 9. cxd5 Nxd3 10. Qxd3 Qxd5 11. Nc3 Nxc3 12. bxc3 Bf5 13. Qe2 Qe4 14. Qb5+ Bd7 15. Qb3 Be6 16. c4 O-O 17. d5 Bf6 18.
Bb2 Bxb2 19. Qxb2 Bg4 20. Nd2 Qf4 21. Rfe1 b6 22. h3 Bf5 23. Qc3 Rfe8 24. Re3 Rxe3 25. Qxe3 Qxe3 26. fxe3 Re8 27. Kf2 f6 28. Rc1 Be4 29.
Nxe4 Rxe4 30. Kf3 Re5 31. g4 Kf7 32. e4 Ke7 33. c5 Kd7 34. cxb6 axb6 35. Rc4 Re8 36.
Ra4 Kd6 37. Ra3 Kd7 38. Kf4 Kd6 39. h4 Rf8 40. Ra7 Re8 41. a4 Re7 42. a5 bxa5 43. Ra6+ Kc5 44. Rxa5+ Kd4 45. Ra4+ Kd3 46. g5 fxg5+ 47.
hxg5 Rf7+ 48. Ke5 Re7+ 49. Kf5 g6+ 50. Kf6 Rxe4 51. Ra7 Rd4 52. Rxc7 Rxd5 53. Rxh7 Rd6+ 54.
Kg7 Ke4 55. Kh6 Kf5 56. Rf7+ Kg4 57. Rf6 Rd1 58. Ra6 Rc1 59. Ra4+ Kf5 60. Ra5+ Kg4 61.
Kxg6 Rc6+ 62. Kf7 Kh5 63. g6+ Kh6 64. g7 Rc7+ 65. Kf6 Rxg7 66. Rh5+ Kxh5 67. Kxg7 1/2-1/2

[Event "*** Titled Tuesday 3|2 Blitz"]
[Site "Chess.com"]
[Date "2017.06.06"]
[Round "1"]
[White "dinevmk"]
[Black "ehrenfeld"]
[Result "0-1"]
[WhiteElo "1894"]
[BlackElo "2413"]
[TimeControl "180+2"]
[EndTime "14:00:32 PDT"]
[Termination "ehrenfeld won on time"]

1. e4 d6 2. d4 g6 3. Nf3 Nf6 4.
Bd3 Bg7 5. O-O O-O 6. Re1 Bg4 7.
h3 Bxf3 8. Qxf3 Nc6 9. c3 e5 10. d5 Ne7 11. c4 Nd7 12. Qe2 f5 13. Nc3 Kh8 14. Rf1 Ng8 15. f4 fxe4 16. Nxe4 Bh6 17. Ng5 Bxg5 18. fxg5 Rxf1+ 19. Qxf1 Ne7 20. Be3 Qf8 21.
Qe2 Qg7 22. a4 a5 23. Rc1 b6 24. b3 Rf8 25. Bc2 Nf5 26. Bf2 Nd4 27. Bxd4 exd4 28. Rd1 Qe5 29. Qd2 Qe3+ 30. Qxe3 dxe3 31. Re1 Re8 32. g3 Re5 33. h4 Kg7 34. Kg2 Re7 35.
g4 h6 36. gxh6+ Kxh6 37. Kg3 g5 38. h5 Nf6 39. Bf5 Ne4+ 40. Kf3 Nd2+ 41. Ke2 Nxb3 42. Be6 Nc5 43. Kxe3 Nxa4 44. Rf1 Nc5 45. Rf6+ Kg7 46.
Rg6+ Kh7 47. Kd4 a4 48. Bf5 Kh8 49. Rh6+ Kg8 50. Rg6+ Rg7 51. Rf6 a3 52. Kc3 Re7 53. h6 a2 54. Kb2 Re2+ 0-1

[Event "*** Titled Tuesday 3|2 Blitz"]
[Site "Chess.com"]
[Date "2017.06.06"]
[Round "1"]
[White "GMNeiksans"]
[Black "Er_is_geen_hoop_meer"]
[Result "1-0"]
[WhiteElo "2676"]
[BlackElo "2329"]
[TimeControl "180+2"]
[EndTime "14:00:35 PDT"]
[Termination "GMNeiksans won by resignation"]

1. e4 c5 2. Nf3 e6 3. d4 cxd4 4.
Nxd4 Nc6 5. Nc3 Qc7 6. Be3 a6 7. Qf3 Ne5 8. Qg3 h5 9. f3 h4 10. Qf2 b5 11. Bd3 Bb7 12. O-O Be7 13. h3 Nf6 14. f4 Nxd3 15. cxd3 d6 16. Rac1 Qb8 17. Nce2 Bd8 18. Nc6 Qc7 19. Nxd8 Qxd8 20. Bb6 Qb8 21.
Bc7 Qa7 22. Qxa7 Rxa7 23. Bxd6 Kd7 24. Be5 Rc8 25. Rxc8 Bxc8 26. Rc1 b4 27. Nd4 Ne8 28. Nf3 a5 29. Kf2 Ba6 30. Ke3 Rb7 31. Nxh4 f6 32. Bd4 Nd6 33. Nf3 Nb5 34. Rc5 a4 35. g4 Rb8 36. h4 a3 37. b3 Rd8 38. Rc4 Nc3 39. Rxb4 Nxa2 40. Ra4 Bb5 41. Rxa3 Nc1 42. Ne1 Ke8 43. e5 fxe5 44. fxe5 g6 45. b4 Kf7 46. Bb2 Rc8 47. Kd2 Nxd3 48. Nxd3 Rc4 49. Ra7+ Kg8 50.
Nf2 Rxb4 51. Bc3 Rf4 52. Ke3 Rc4 53. Bd4 Rc2 54. Ne4 Re2+ 55. Kf3 Rc2 56. Kf4 Bd3 57. Ke3 Bb5 58. Bc5 Kh8 59. Nf6 Rc3+ 60. Kd2 Rd3+ 61. Kc2 1-0

[Event "*** Titled Tuesday 3|2 Blitz"]
[Site "Chess.com"]
[Date "2017.06.06"]
[Round "1"]
[White "Journey_to_GrandMaster_YT"]
[Black "GMAkobianSTL"]
[Result "0-1"]
[WhiteElo "2309"]
[BlackElo "2601"]
[TimeControl "180+2"]
[EndTime "14:00:41 PDT"]
[Termination "GMAkobianSTL won by resignation"]

1. d4 e6 2. Nf3 Nf6 3. e3 b6 4.
Bd3 Bb7 5. O-O c5 6. Nbd2 Be7 7. b3 O-O 8. Bb2 cxd4 9. exd4 d6 10. c4 Nbd7 11.
Qe2 a6 12. Rfe1 Re8 13. Rad1 Nf8 14. Ne4 Ng6 15. Qe3 Nxe4 16. Bxe4 d5 17. cxd5 Bxd5 18. Ne5 Rc8 19. Qf3 Bf6 20. Ng4 Bg5 21. Ne5 Bf6 22. Ng4 Bxe4 23. Nxf6+ Qxf6 24. Qxe4 h6 25. Rd2 Qf4 26.
g3 Qxe4 27. Rxe4 Ne7 28. Ree2 Rc6 29. d5 exd5 30. Rxd5 Nxd5 31. Rxe8+ Kh7 32. Re2 f6 33. Bd4 b5 34. Kg2 g5 35. h4 gxh4 36. Re8 hxg3 37. Kxg3 Kg6 38. Rd8 Ne7 39. Kg2 Nf5 40. a4 Rd6 41.
Rxd6 Nxd6 42. axb5 axb5 43. Kf3 Kf5 44. Ke3 h5 45.
Ba7 h4 46. Bb8 Ne4 47. Bc7 Nc5 48. b4 Ne6 49. Bb8 Ng5 50. Kd4 Nf3+ 51. Kc5 Ne5 52. Kxb5 h3 53. f4 Nd7 54. Ba7 h2 55. Kc6 h1=Q+ 56.
Kxd7 Qb7+ 0-1

[Event "*** Titled Tuesday 3|2 Blitz"]
[Site "Chess.com"]
[Date "2017.06.06"]
[Round "1"]
[White "PelinGorki"]
[Black "MITerryble"]
[Result "1-0"]
[WhiteElo "2354"]
[BlackElo "2660"]
[TimeControl "180+2"]
[EndTime "14:00:48 PDT"]
[Termination "PelinGorki won on time"]

1. e4 e6 2. d4 d5 3. Nc3 Nf6 4.
e5 Nfd7 5. f4 c5 6. Nf3 Nc6 7. dxc5 Bxc5 8. Bd3 a6 9. a3 b5 10. Bd2 Nd4 11. Nxd4 Bxd4 12. Qe2 Qb6 13. Nd1 Nc5 14. c3 Nxd3+ 15. Qxd3 Bc5 16. b4 Be7 17. Be3 Qc7 18. Bd4 Bb7 19. O-O g6 20. Ne3 h5 21.
Rf3 Bc6 22. Rh3 Rg8 23. g4 O-O-O 24. g5 Kd7 25. Nf1 a5 26. Nd2 Ra8 27. Nb3 axb4 28. cxb4 Ra4 29. Bc5 Rga8 30. Qd4 Bd8 31. Rc3 Rxa3 32.
Rxa3 Rxa3 33. Bb6 Ra1+ 34. Nxa1 Qxb6 35. Nb3 Qxd4+ 36. Nxd4 Bb6 37. Rd3 Kc7 38. Kf1 Kb7 39. Ke2 Bd7 40. Nb3 Bc6 41. Rc3 d4 42. Nc5+ Kc7 43.
Rc1 Bd5 44. Nxe6+ Kd7 45. Nc5+ Kc6 46. Kd3 Bc4+ 47. Kxd4 Be2 48. e6 fxe6 49. Ke5 Bc7+ 50. Kxe6 Bxf4 51. Re1 Bc4+ 52. Kf6 Bxh2 53. Kxg6 Bg3 54.
Re8 h4 55. Rh8 Be1 56. Kf5 Bxb4 57. Ne4 Be1 58. g6 h3 59. g7 h2 60. Rxh2 Bb4 61. Rc2 1-0

[Event "*** Titled Tuesday 3|2 Blitz"]
[Site "Chess.com"]
[Date "2017.06.06"]
[Round "1"]
[White "tigra"]
[Black "AdrianaNikolova"]
[Result "1/2-1/2"]
[WhiteElo "2598"]
[BlackElo "2322"]
[TimeControl "180+2"]
[EndTime "14:00:49 PDT"]
[Termination "Game drawn by repetition"]

1. e4 c5 2. Nf3 Nc6 3. d4 cxd4 4. Nxd4 Nf6 5. Nc3 d6 6. Bg5 e6 7. Qd2 a6 8. O-O-O h6 9. Bf4 Bd7 10. Nxc6 Bxc6 11. Bxd6 Bxd6 12. Qxd6 Nxe4 13. Nxe4 Bxe4 14. Qxd8+ Rxd8 15. f3 Rxd1+ 16. Kxd1 Bc6 17. Kd2 Ke7 18. Bd3 Rd8 19. b3 f5 20. a4 e5 21. Ke3 Kf6 22.
a5 g5 23. b4 e4 24. fxe4 fxe4 25. Rf1+ Ke5 26. Be2 Ba4 27. c3 Rc8 28. c4 Bb3 29. Rc1 Rd8 30. b5 Rd4 31. bxa6 bxa6 32. Rb1 Bxc4 33.
Rb4 Kd5 34. Rb6 Kc5 35. Bxc4 Rxc4 36. Rxa6 Kd5 37. Rxh6 Rc3+ 38. Kf2 Ra3 39. a6 e3+ 40. Kg3 Ke4 41. Re6+ Kd3 42. Kf3 Kd2 43. Rd6+ Ke1 44. g3 e2+ 45. Kg2 Ra2 46. h4 Rd2 47. a7 Ra2 48.
Rd7 gxh4 49. gxh4 Ra5 50. h5 Rg5+ 51. Kf3 Kf1 52. a8=Q e1=Q 53. Qa6+ Kg1 54. Qb6+ Kh1 55. Qc6 Kg1 56. Qb6+ Kh1 57. Qc6 Kg1 58. Qb6+ Kh1 59.
Qc6 Kg1 60. Qb6+ Kh1 61. Qb7 Kg1 62. Qb6+ 1/2-1/2

[Event "*** Titled Tuesday 3|2 Blitz"]
[Site "Chess.com"]
[Date "2017.06.06"]
[Round "1"]
[White "Astaneh"]
[Black "jeaston1"]
[Result "0-1"]
[WhiteElo "2431"]
[BlackElo "2137"]
[TimeControl "180+2"]
[EndTime "14:00:50 PDT"]
[Termination "jeaston1 won by resignation"]

1. d4 d5 2. Nf3 Nf6 3. Bf4 e6 4.
h3 c5 5. e3 Nc6 6. c3 Bd6 7. Bxd6 Qxd6 8. Nbd2 b6 9. Bd3 e5 10.
dxc5 bxc5 11. e4 O-O 12. O-O Be6 13. Re1 Rfd8 14. Bb5 Rab8 15. Bxc6 Qxc6 16. Nxe5 Qc7 17. exd5 Bxd5 18. Qc2 Qb7 19. f3 Qxb2 20. Qxb2 Rxb2 21. Ndc4 Bxc4 22. Nxc4 Rc2 23. Rec1 Rxc1+ 24. Rxc1 Rd3 25.
Ne5 Re3 26. Nc6 Re2 27. a4 a6 28. Rb1 h6 29. g4 Nd5 30. c4 Nf4 31. Rb8+ Kh7 32. Rb7 f6 33. Ne7 g5 34. Nd5+ Kg6 35.
Nxf4+ gxf4 36. Rc7 Ra2 37. Rxc5 Rxa4 38. h4 Ra3 39. Rc7 Rxf3 40. Kg2 Rg3+ 41. Kf2 Rxg4 42. Ra7 Rxh4 43. Rxa6 Rh2+ 44. Kf3 Rc2 45. Rc6 Kg5 46. Rc5+ f5 47. Rc8 Rc3+ 48. Kf2 Kh4 49. c5 h5 50. c6 Kg4 51. c7 Rc2+ 52. Ke1 Kf3 53. Kd1 Rc6 54. Kd2 Kf2 55. Rf8 Rxc7 56. Rxf5 Kg3 57.
Rxh5 f3 58. Rg5+ Kf2 59. Rd5 Kf1 60. Ke3 f2 61. Rf5 Re7+ 62. Kd2 Re2+ 63. Kd1 Re4 64.
Kd2 Kg2 65. Rg5+ Kf1 66. Kd3 Re7 67. Kd2 Rd7+ 68. Ke3 Ke1 69. Ra5 f1=Q 0-1

[Event "*** Titled Tuesday 3|2 Blitz"]
[Site "Chess.com"]
[Date "2017.06.06"]
[Round "1"]
[White "chessking2151"]
[Black "Keranke"]
[Result "0-1"]
[WhiteElo "2329"]
[BlackElo "2663"]
[TimeControl "180+2"]
[EndTime "14:00:51 PDT"]
[Termination "Keranke won by resignation"]

1. e4 g6 2. d4 Bg7 3. Nf3 d6 4.
Bc4 Nf6 5. e5 dxe5 6. Nxe5 O-O 7. O-O Nbd7 8. Nf3 c5 9. c3 b6 10. Re1 Bb7 11. Bg5 e6 12. Nbd2 Qc7 13. Bb3 Rac8 14. Qe2 Rfe8 15. Bh4 Qb8 16. Bg3 Qa8 17. dxc5 Nxc5 18. Bc2 Ba6 19. c4 Red8 20. b4 Ncd7 21. Rad1 Bb7 22. Bh4 a5 23. b5 Nc5 24. Nb3 Rxd1 25.
Rxd1 Na4 26. Qd2 Nb2 27. Rb1 Nxc4 28. Qe2 Na3 29. Rc1 Bxf3 30. gxf3 Nxc2 31. Rxc2 Nd5 32.
Rc4 h6 33. Bg3 Nc3 34. Rxc8+ Qxc8 35. Qc2 Qc4 36. Kg2 Qxb5 37. Qd2 Qd5 38. Qe3 a4 39. Nc1 b5 40. a3 h5 41. h4 Qc4 42. Qd2 Nd5 43.
Ne2 Qb3 44. Qc1 Bf8 45. Qc8 Qxa3 46. Nd4 Qc5 47. Qxc5 Bxc5 48. Nxb5 f6 49. Bb8 a3 50. Nxa3 Bxa3 51. f4 Bc1 52. Kf3 Kf7 53. Bd6 Bb2 54.
Ke4 f5+ 55. Kf3 Bf6 56. Kg3 Ke8 57. Bb8 Kd7 58. f3 Be7 59. Ba7 Bd6 60. Kf2 Bxf4 61. Bc5 e5 62. Kg2 Ke6 63. Bf2 e4 64. fxe4 fxe4 65.
Be1 Kf5 66. Kh3 e3 67. Ba5 Ke4 68. Be1 Kf3 69. Bg3 e2 70. Be1 Nf6 71. Bg3 Ng4 72.
Be1 Be3 73. Bg3 Bf2 74. Bxf2 Nxf2+ 75. Kh2 g5 76. hxg5 e1=Q 0-1

[Event "*** Titled Tuesday 3|2 Blitz"]
[Site "Chess.com"]
[Date "2017.06.06"]
[Round "1"]
[White "IMRosen"]
[Black "Storne89"]
[Result "0-1"]
[WhiteElo "2209"]
[BlackElo "2510"]
[TimeControl "180+2"]
[EndTime "14:01:07 PDT"]
[Termination "Storne89 won by resignation"]

1. d4 Nf6 2. Nf3 c5 3. c3 g6 4.
dxc5 Bg7 5. g3 O-O 6. Bg2 Na6 7.
O-O Nxc5 8. Nbd2 d5 9. Nb3 Nce4 10. Bf4 b6 11. Re1 Bb7 12. Qc2 e6 13. Rad1 Qe7 14.
Be5 Rac8 15. Nbd4 a6 16. Qb3 Nd7 17. Bxg7 Kxg7 18. Qc2 b5 19. Nd2 Ndf6 20. Nxe4 dxe4 21. a4 b4 22. Qb3 a5 23. Nb5 Bd5 24. Qc2 Qc5 25.
Rc1 b3 26. Qd2 Bc6 27. Qd4 Bxb5 28. axb5 Qxb5 29. Bxe4 Rfd8 30. Qe3 Qe5 31. Bd3 Qxe3 32. fxe3 Ng4 33. Ra1 Rc5 34. e4 Ne5 35. Red1 g5 36. h3 h5 37. Kf2 h4 38. gxh4 gxh4 39. Rg1+ Kf6 40. Ke3 Ke7 41. Ra4 Rb8 42. Rga1 Ra8 43.
R1a3 Rg8 44. Rxa5 Rxa5 45. Rxa5 Rg3+ 46. Kd2 Kf6 47. Rb5 Rxh3 48. Rxb3 Rh1 49. Rb8 Kg7 50. Rb5 f6 51. Rb7+ Kg6 52. Rb8 h3 53. Rh8 h2 54.
b4 Ng4 55. b5 Nh6 56. e5+ f5 57. b6 Rd1+ 58. Kxd1 h1=Q+ 59. Kd2 Qb7 60. Rd8 Qxb6 61.
Rd6 Qb3 62. Bc2 Qa2 63. Rb6 Ng4 64. Rb4 Nxe5 65. Rd4 Kf6 66. Rd6 Nc4+ 67. Kd3 Nxd6 0-1

[Event "*** Titled Tuesday 3|2 Blitz"]
[Site "Chess.com"]
[Date "2017.06.06"]
[Round "1"]
[White "karinachess1"]
[Black "Hamisandwich"]
[Result "0-1"]
[WhiteElo "2057"]
[BlackElo "2449"]
[TimeControl "180+2"]
[EndTime "14:03:29 PDT"]
[Termination "Hamisandwich won on time"]

1. e4 h6 2. d4 a6 3. Nf3 e6 4. c4 d6 5. Nc3 g6 6. Bd3 Bg7 7. Be3 Nd7 8. O-O Ne7 9. Qd2 g5 10. h3 b6 11. Ne2 Bb7 12. Ng3 Nf6 13. e5 dxe5 14. dxe5 Nd7 15. Nh5 Bxf3 16. Nxg7+ Kf8 17. Nxe6+ fxe6 18. gxf3 Nxe5 19. Be4 N7c6 20. Qc3 Kf7 21. f4 gxf4 22. Bxf4 Qh4 23. Bxe5 Qxe4 24. Bg3 Nd4 25. Qe3 Nf3+ 26. Kh1 Ng5+ 27. Qxe4 Nxe4 28. Bxc7 Rhc8 29. Bxb6 Rab8 30. c5 Nxc5 31. Bxc5 Rxc5 32. b3 Rc2 33. Kg2 Rg8+ 34. Kh2 Rg5 35. a4 Rf5 36. Kg2 Rg5+ 37. Kh2 Rf5 38. Kg2 Rc3 39. b4 Rg5+ 40. Kh2 Rh5 41.
Rh1 Rb3 42. b5 axb5 43. a5 b4 44. a6 Ra3 45. a7 Rha5 46. Rab1 R3a4 47. Rb3 Rxa7 48.
Rhb1 Rb7 49. Kg3 Rb5 50. Kf4 Kf6 51. Ke4 h5 52. f4 h4 53. R1b2 Rb6 54. Rb1 Rb5 55.
R1b2 Ke7 56. Rb1 Kd6 57. Rd1+ Kc5 58. Rc1+ Kb6 59. Rc4 Ka5 60. Rc6 Ra3 61. Rb1 Rxh3 62. Rxe6 b3 63. f5 Rh2 64. Kd3 Rf2 65. f6 Kb4 66. Re4+ Ka3 67. Rxh4 Rxf6 68. Rh2 Rc6 69. Rhb2 Rb4 70. Kd2 Rbb6 71. Kd3 Rc8 72. Kd4 Rb7 73.
Kd5 Rc2 74. Rxc2 bxc2 75. Rxb7 c1=Q 76. Rd7 Kb4 77. Rd6 Qc4+ 78. Ke5 Kc5 79. Re6 Qd4+ 80. Kf5 Kd5 81. Re7 Qf2+ 82. Kg6 Qg3+ 83. Kf7 Qf4+ 84. Kg7 Qg5+ 85. Kf7 Qf5+ 86. Kg7 Kd6 87. Rf7 Qg5+ 88. Kh7 Ke6 89. Rg7 Qh5+ 90. Kg8 Kf6 91. Rg1 Qe8+ 92. Kh7 Qd7+ 93. Kg8 Qc8+ 94. Kh7 Qc7+ 95. Kg8 Qb8+ 96. Kh7 Qa7+ 0-1

[Event "*** Titled Tuesday 3|2 Blitz"]
[Site "Chess.com"]
[Date "2017.06.06"]
[Round "2"]
[White "dtn70"]
[Black "heartofatiger"]
[Result "1-0"]
[WhiteElo "2226"]
[BlackElo "2373"]
[TimeControl "180+2"]
[EndTime "14:04:55 PDT"]
[Termination "dtn70 won by resignation"]

1. e4 c5 2. Nf3 e6 3. d3 d5 4. Nbd2 Nc6 5. g3 Bd6 6. Bg2 Nge7 7. O-O O-O 8. Re1 f6 9. c3 Bd7 10. d4 cxd4 11. cxd4 dxe4 12. Nxe4 Nd5 13. Nxd6 Qe7 14. Nxb7 1-0

[Event "*** Titled Tuesday 3|2 Blitz"]
[Site "Chess.com"]
[Date "2017.06.06"]
[Round "2"]
[White "mwpchess"]
[Black "Boryboy"]
[Result "1-0"]
[WhiteElo "2463"]
[BlackElo "2304"]
[TimeControl "180+2"]
[EndTime "14:06:34 PDT"]
[Termination "mwpchess won by resignation"]

1. e4 e6 2. d4 d5 3. Nc3 Bb4 4.
e5 c5 5. a3 Bxc3+ 6. bxc3 Ne7 7. Qg4 O-O 8. Bd3 f5 9. exf6 Rxf6 10. Bg5 Rf7 11. Qh5 h6 12. Bh7+ Kxh7 13. Qxf7 hxg5 14.
Nf3 Ng6 15. h4 gxh4 16. Nxh4 Nxh4 17. g3 1-0

[Event "*** Titled Tuesday 3|2 Blitz"]
[Site "Chess.com"]
[Date "2017.06.06"]
[Round "2"]
[White "TrickyTrapChess"]
[Black "Divertissement"]
[Result "1-0"]
[WhiteElo "2268"]
[BlackElo "2401"]
[TimeControl "180+2"]
[EndTime "14:06:40 PDT"]
[Termination "TrickyTrapChess won by resignation"]

1. c4 e6 2. Nc3 d5 3. d4 Nf6 4.
cxd5 exd5 5. Bg5 c6 6. e3 Bf5 7.
Bd3 Bxd3 8. Qxd3 Nbd7 9. Nf3 Be7 10. O-O O-O 11. Rfe1 Re8 12. Rac1 Nf8 13. e4 dxe4 14. Nxe4 Nxe4 15. Rxe4 Bxg5 16. Rxe8 Qxe8 17. Nxg5 Ng6 18. h4 f6 19. Qb3+ Kh8 20. Nf7+ Kg8 21. Nd6+ 1-0

[Event "*** Titled Tuesday 3|2 Blitz"]
[Site "Chess.com"]
[Date "2017.06.06"]
[Round "2"]
[White "cstefan"]
[Black "Grootneus"]
[Result "1-0"]
[WhiteElo "2158"]
[BlackElo "2062"]
[TimeControl "180+2"]
[EndTime "14:08:34 PDT"]
[Termination "cstefan won by resignation"]

1. Nf3 Nf6 2. g3 c5 3. Bg2 g6 4.
O-O Bg7 5. d3 O-O 6. e4 d6 7.
Nbd2 Nc6 8. a4 Ne8 9. Nc4 Nc7 10. Re1 d5 11. exd5 Nxd5 12. c3 Rb8 13. Ng5 h6 14.
Ne4 b6 15. h4 f5 16. Ned6 e6 17. Qb3 Na5 18. Nxa5 bxa5 19. Qxb8 Nc7 20. Nxc8 1-0